 Dungeon Crawl Stone Soup version 0.27.1-3-gb3d3a73c9e (webtiles) character file.

Game seed: 14373628638603318846

14548 H0rd4k the Slicer (level 12, -5/94 HPs)
             Began as a Human Artificer on Oct 11, 2021.
             Was an Initiate of Gozag.
             Slain by a spatial maelstrom (9 damage)
             ... on level 3 of the Abyss.
             The game lasted 00:29:18 (17525 turns).

H0rd4k the Slicer (Human Artificer)                Turns: 17525, Time: 00:29:18

Health: -5/94      AC: 12    Str: 18 (19) XL:     12   Next: 46%
Magic:  12/12      EV: 16    Int: 14      God:    Gozag
Gold:   2363       SH:  6    Dex: 13 (15) Spells: 11/11 levels left

rFire    . . .     SeeInvis +   I - +3 dagger (elec)
rCold    . . .     Faith    .   (no shield)
rNeg     + . .     Spirit   .   B - +2 leather armour {Will+}
rPois    +         Reflect  .   k - +2 helmet
rElec    .         Harm     .   p - +2 ratskin cloak {*Rats rPois rN+ Str-1 Int-1 Dex+1}
rCorr    .         Rampage  .   t - +0 pair of gloves
Will     +....                  (no boots)
Stlth    +.........             (no amulet)
HPRegen  0.00/turn              o - +6 ring of strength
MPRegen  0.13/turn              n - ring of see invisible

@: diseased, hasted, very quick
A: large bone plates 2, deterioration 2
a: Renounce Religion, Potion Petition, Call Merchant, Bribe Branch


You were on level 3 of the Abyss.
You worshipped Gozag.
Gozag was most pleased with you.
You visited 2 branches of the dungeon, and saw 12 of its levels.
You visited the Abyss 2 times.
You also visited: Bailey.

You collected 2459 gold pieces.
You paid 96 gold pieces to Gozag.

Inventory:

Hand Weapons
 g - a +0 short sword
 u - a +0 falchion
 v - a +0 dagger of draining
 I - a +3 dagger of electrocution (weapon)
Missiles
 l - 3 atropa-tipped darts
Armour
 k - a +2 helmet (worn)
 p - the +2 ratskin cloak (worn) {*Rats rPois rN+ Str-1 Int-1 Dex+1}
   (You found it on level 8 of the Dungeon)

   When the wearer is hurt, rats may emerge from it to assist them.
   Str:       It affects your strength (-1).
   Int:       It affects your intelligence (-1).
   Dex:       It affects your dexterity (+1).
   rPois:     It protects you from poison.
   rN:        It protects you from negative energy.
 t - a +0 pair of gloves (worn)
 B - a +2 leather armour of willpower (worn)
Magical Staves
 F - a staff of air
Jewellery
 n - a ring of see invisible (right hand)
 o - a +6 ring of strength (left hand)
Wands
 c - a wand of flame (44) (quivered)
 z - a wand of paralysis (11)
 J - a wand of iceblast (13)
Scrolls
 b - a scroll of amnesia {unknown}
 j - a scroll of identify
 s - a scroll of acquirement {unknown}
 w - a scroll of teleportation {unknown}
 x - a scroll of enchant weapon
 y - a scroll of summoning {unknown}
 H - a scroll of holy word
 L - a scroll of vulnerability
Potions
 a - 5 potions of flight
 f - a potion of degeneration {unknown}
 h - a potion of cancellation
 i - a potion of brilliance {unknown}
 m - a potion of heal wounds
 q - a potion of resistance
 A - 2 potions of haste
 C - 2 potions of magic
 D - 4 potions of curing
 G - 2 potions of ambrosia
 K - 2 potions of lignification
Miscellaneous
 d - a condenser vane
 e - a piece from Xom's chessboard (15/15)
 E - a phantom mirror


   Skills:
 + Level 8.5 Fighting
 + Level 10.8(10.9) Short Blades
 + Level 1.4(7.0) Long Blades
 - Level 2.0 Armour
 + Level 10.0 Dodging
 - Level 1.0 Stealth
 + Level 1.9 Shields
 + Level 9.7 Evocations


You had 11 spell levels left.
You didn't know any spells.
Your spell library contained the following spells:

 Spells                   Type           Power      Damage    Failure   Level
 Animate Skeleton         Necr           0%         N/A       34%         1
 Apportation              Tloc           0%         N/A       34%         1
 Magic Dart               Conj           0%         1d3       34%         1
 Gell's Gravitas          Tloc           0%         N/A       71%         3
 Lesser Beckoning         Tloc           0%         N/A       71%         3
 Ozocubu's Armour         Ice            0%         N/A       71%         3
 Portal Projectile        Hex/Tloc       0%         N/A       71%         3
 Teleport Other           Tloc           0%         N/A       71%         3
 Blade Hands              Tmut           0%         N/A       100%        5
 Excruciating Wounds      Necr           0%         N/A       100%        5
 Ozocubu's Refrigeration  Ice            0%         4d5       100%        7


Dungeon Overview and Level Annotations

Branches:
Dungeon (11/15)            Temple (1/1) D:6            Lair (0/6) D:8
 Bailey (visited)
    Orc: D:9-12

Altars:
Ashenzari
Cheibriados
Dithmenos
Elyvilon
Fedhas
Gozag
Hepliaklqana
Kikubaaqudgha
Makhleb
Nemelex Xobeh
Okawaru
Qazlal
Ru
Sif Muna
Trog
Uskayaw
Vehumet
Wu Jian
Xom
Yredelemnul
Zin
The Shining One

Shops:
D:10 *!

Annotations:
D:4 exclusions: downstairs and phantom
D:6 exclusion: downstairs


Innate Abilities, Weirdness & Mutations

You are mostly covered in large bone plates. (SH +6)
Your body often deteriorates upon taking damage.


Message History

A spatial vortex and a small abomination come into view.
A spatial vortex comes into view.
A tentacle flies out from the starspawn's body!
You block the spatial vortex's attack.
You feel ill.
A starspawn tentacle comes into view.
The spatial maelstrom hits you but does no damage. x2
A spatial maelstrom comes into view.
The spatial maelstrom moves out of view.
A spatial vortex comes into view.
A large abomination comes into view.
A spatial vortex comes into view. x2
The large abomination hits you but does no damage.
A spatial vortex comes into view. 2 spatial vortices come into view.
The spatial vortex misses you.
A spatial vortex comes into view.
The spatial maelstrom hits you but does no damage.
The spatial maelstrom barely misses you.
A spatial vortex comes into view.
Found 17 sling bullets.
The ancient zyme closely misses you. The ancient zyme hits you.
You feel ill.
A spatial vortex comes into view.
The spatial maelstrom barely misses you.
You block the spatial maelstrom's attack.
Okay, then.
You feel yourself speed up. The spatial maelstrom hits you!
* * * LOW HITPOINT WARNING * * *
Space bends around you.
* * * LOW HITPOINT WARNING * * *
The spatial maelstrom hits you!
* * * LOW HITPOINT WARNING * * *
Your body deteriorates!
You feel clumsy.
A tentacle flies out from the starspawn's body!
You block the ancient zyme's attack. The ancient zyme hits you.
* * * LOW HITPOINT WARNING * * *
A starspawn tentacle comes into view.
A spatial vortex comes into view.
A spatial vortex comes into view.
The spatial maelstrom hits you!
You die...
Your body crumbles into a pile of gold.

. ### .#vXv#.. ###≈≈. #
# #..#.##.#...# ..≈≈
w##.# #...#.#.#v###..#
\.# [#...#.#..#..##
>.#.##..#.#.##(..#..# #
# ## .#.#.....#.v..#
##.#........#.##Xx#.#.#
# ## ##...##..v..#..
##### ###...@.##.###
#..#.#v.#.# #..#.....#
. # #....#..#.
#.......#.. #.#..#.##
## ##.#.. # #..#


You could see a spatial maelstrom, 2 spatial vortices, an ancient zyme and a
large abomination.

Vanquished Creatures
  Erolcha (D:11)
  A two-headed ogre (D:9)
  A manticore (D:11)
  8 wizards (D:11)
  An orc knight (Bailey)
  A cyclops (D:11)
  Joseph (D:8)
  An orange demon (Abyss:3)
  A hellion (Abyss:3)
  Psyche (D:8)
  2 kobold demonologists (D:9)
  4 orc warriors
  2 trolls
  A hornet (D:8)
  Prince Ribbit (D:7)
  A wraith (D:10)
  2 yaks (D:9)
  A steam dragon (D:8)
  3 sky beasts (D:8)
  A necrophage (D:5)
  An ice beast (D:5)
  A black bear (D:4)
  2 wolves (D:8)
  3 ogres
  5 centaurs
  5 kobold brigands
  4 bullfrogs
  A gnoll sergeant (D:7)
  A wyvern zombie (D:8)
  3 scorpions
  A water moccasin skeleton (D:5)
  2 wights (D:9)
  An electric eel (D:8)
  2 bullfrog zombies (D:6)
  A quasit (Abyss:3)
  3 centaur zombies
  A jelly (Abyss:3)
  2 bullfrog skeletons
  9 hounds
  A centaur skeleton (D:5)
  4 hell rats (D:8)
  2 iguanas
  4 orc wizards
  A killer bee zombie (D:5)
  A hound zombie (D:5)
  3 gnolls (D:7)
  6 adders
  17 river rats (D:8)
  2 white imps
  A dart slug (D:2)
  26 orcs
  5 endoplasms
  2 giant cockroaches (D:3)
  9 goblins
  7 hobgoblins
  4 jackals (D:5)
  2 quokkas
  7 ball pythons
  4 bats
  3 frilled lizards
  18 kobolds
  7 rats
219 creatures vanquished.

Vanquished Creatures (collateral kills)
  2 wizards (D:11)
  2 orc knights (Bailey)
  A raiju (Abyss:3)
  A basilisk (D:11)
  A yak (D:9)
  4 orc warriors (Bailey)
  2 wights (D:9)
  A jelly (D:8)
  An orc wizard (D:9)
  8 orcs
  2 goblins (D:9)
25 creatures vanquished.

Vanquished Creatures (others)
  An acid dragon (D:11)
  An iguana (D:4)
  An orc (D:7)
  7 plants
  9 starspawn tentacles (Abyss:3)
19 creatures vanquished.

Grand Total: 263 creatures vanquished

Notes
Turn   | Place    | Note
-------+----------+-------------------------------------------
     0 | D:1      | H0rd4k the Human Artificer began the quest for the Orb.
     0 | D:1      | Reached XP level 1. HP: 15/15 MP: 1/1
   711 | D:1      | Reached XP level 2. HP: 12/21 MP: 2/2
   870 | D:1      | Found a faded altar of an unknown god.
  1399 | D:1      | Reached XP level 3. HP: 14/26 MP: 3/3
  1714 | D:2      | Reached skill level 1 in Short Blades
  2882 | D:3      | Reached XP level 4. HP: 26/32 MP: 4/4
  3335 | D:3      | Found a bloodstained altar of Trog.
  4380 | D:4      | Found a burning altar of Makhleb.
  4450 | D:4      | Noticed a black bear
  4524 | D:4      | Killed a black bear
  4525 | D:4      | Reached XP level 5. HP: 18/38 MP: 5/5
  4720 | D:4      | You fall into a shaft and drop 2 floors!
  4786 | D:6      | Reached XP level 6. HP: 42/44 MP: 6/6
  4845 | D:5      | Entered Level 5 of the Dungeon
  4859 | D:5      | Reached skill level 1 in Long Blades
  5463 | D:5      | Noticed an ice beast
  5466 | D:5      | Killed an ice beast
  5493 | D:5      | Reached XP level 7. HP: 8/51 MP: 7/7
  7437 | D:6      | Reached XP level 8. HP: 46/60 MP: 8/8
  7511 | D:6      | Found a stormy altar of Qazlal.
  7675 | D:6      | Found a shimmering altar of Xom.
  7834 | D:6      | Reached skill level 5 in Short Blades
  8343 | D:6      | Found a staircase to the Ecumenical Temple.
  8380 | Temple   | Entered the Ecumenical Temple
  8626 | Temple   | Became a worshipper of Gozag Ym Sagoz the Greedy
  9458 | D:7      | Noticed Prince Ribbit
 10893 | D:7      | Killed Prince Ribbit
 10894 | D:7      | Reached skill level 5 in Fighting
 10894 | D:7      | Reached skill level 5 in Dodging
 10894 | D:7      | Reached XP level 9. HP: 68/68 MP: 9/9
 11527 | D:8      | Noticed Joseph
 11576 | D:8      | Killed Joseph
 11577 | D:8      | Reached skill level 5 in Evocations
 11751 | D:8      | Noticed a troll
 11755 | D:8      | Killed a troll
 11851 | D:8      | Reached XP level 10. HP: 74/76 MP: 10/10
 11906 | D:8      | Found a staircase to the Lair.
 12354 | D:8      | Found the +2 ratskin cloak {*Rats rPois rN+ Str-1 Int-1
                  | Dex+1}
 13270 | D:8      | Noticed Psyche
 13274 | D:8      | Killed Psyche
 13468 | D:9      | Found a flagged portal.
 13492 | Bailey   | Entered a bailey
 13492 | Bailey   | Noticed an orc knight
 13527 | Bailey   | Killed an orc knight
 13774 | Bailey   | Noticed an orc knight
 13776 | Bailey   | Noticed an orc knight
 13796 | Bailey   | Killed an orc knight
 13807 | Bailey   | Killed an orc knight
 13808 | Bailey   | Reached XP level 11. HP: 56/84 MP: 11/11
 13932 | Bailey   | Identified the +5 morningstar of Dixzarph {venom, rPois
                  | Will- rCorr}
 14384 | D:9      | Found a basalt altar of Yredelemnul.
 14551 | D:9      | Noticed a two-headed ogre
 14555 | D:9      | Killed a two-headed ogre
 14556 | D:9      | Reached skill level 10 in Short Blades
 15052 | D:9      | Found a sacrificial altar of Ru.
 15088 | D:9      | Gained mutation: Your body sometimes deteriorates upon
                  | taking damage. [a neqoxec]
 15761 | D:9      | Gained mutation: Your body often deteriorates upon taking
                  | damage. [potion of mutation]
 15761 | D:9      | Gained mutation: You are partially covered in large bone
                  | plates. (SH +4) [potion of mutation]
 15761 | D:9      | Gained mutation: You are mostly covered in large bone
                  | plates. (SH +6) [potion of mutation]
 15825 | D:10     | Entered Level 10 of the Dungeon
 15827 | D:10     | Got Wizardry for Absolute Beginners
 15831 | D:10     | Found an iron altar of Okawaru.
 15871 | D:10     | Found Racu's Distillery.
 15926 | D:10     | Found Naicweack's Mass Market.
 15943 | D:10     | Found a blossoming altar of Fedhas.
 16220 | D:10     | Found a white marble altar of Elyvilon.
 16373 | D:10     | Found a hide-covered altar of Uskayaw.
 16706 | D:11     | Noticed a wizard
 16707 | D:11     | Noticed a manticore
 16707 | D:11     | Cast into level 2 of the Abyss (a wizard)
 16734 | D:11     | Escaped the Abyss
 16740 | D:11     | Killed a wizard
 16742 | D:11     | Noticed a wizard
 16751 | D:11     | Noticed a wizard
 16753 | D:11     | Killed a wizard
 16757 | D:11     | Killed a wizard
 16762 | D:11     | Noticed a wizard
 16765 | D:11     | Killed a manticore
 16773 | D:11     | Killed a wizard
 16792 | D:11     | Noticed a cyclops
 16794 | D:11     | Killed a cyclops
 16839 | D:11     | Noticed a wizard
 16844 | D:11     | Killed a wizard
 16845 | D:11     | Reached skill level 1 in Shields
 16845 | D:11     | Reached XP level 12. HP: 92/92 MP: 12/12
 17325 | D:11     | Noticed Erolcha
 17333 | D:11     | Killed Erolcha
 17341 | D:11     | Cast into level 3 of the Abyss (a wizard)
 17364 | Abyss:3  | Reached skill level 10 in Dodging
 17484 | Abyss:3  | Noticed a spatial maelstrom
 17493 | Abyss:3  | Noticed a tentacled starspawn
 17511 | Abyss:3  | Noticed a spatial maelstrom
 17513 | Abyss:3  | Noticed a large abomination
 17520 | Abyss:3  | HP: 4/94 [ancient zyme (2)]
 17525 | Abyss:3  | Slain by a spatial maelstrom

Illustrated notes

Levels and vault maps discovered:
D:1:      psy_arrival_radial01, layout_basic, chequers_ecumenical_altar_island
D:2:      layout_basic, st_stairs_8, guppyfry_early_lair_pool
D:3:      layout_loops_corners, mainiacjoe_overflow_cross_hatched,
          minmay_tree_intersection, chequers_serial_rivers_large_a,
          minmay_vboxes
D:4:      layout_gridville, bloody_makhleb
D:5:      layout_loops_ring, moated_statue
D:6:      layout_basic, mainiacjoe_overflow_small_starburst,
          mainiacjoe_overflow_24_doors, minmay_temple_entry_nine_rooms
D:7:      layout_layer_cave, serial_bayou_crossing, uniq_prince_ribbit1
D:8:      wander_guarded_unrand_ratskin, layout_basic, erik_lair_island,
          uniq_joseph, uniq_psyche
D:9:      layout_layer_cave, nicolae_ru_path_of_blood,
          yredelemnul_altar_generic, enter_bailey_3
D:10:     layout_roguey, amcnicky_altar_gilded, kennysheep_mini,
          mainiacjoe_overflow_concentric_impassable,
          fedhas_bush_and_centaur_altar, serial_shops, kennysheep_mini_moat,
          minmay_shop_mass
D:11:     minmay_smoke_and_mirrors, layout_loops_ring,
          nicolae_hepliaklqana_hazy_memory, uniq_erolcha
Temple:   hc_temple_tempest_star
Abyss:3:  base: D:11, hangedman_abyss_mock_shop

Skill      XL: |  1  2  3  4  5  6  7  8  9 10 11 12 |
---------------+-------------------------------------+-----
Short Blades   | 1 2 3 4 6 8 9 10 | 10.8
Fighting       | 2 3 5 6 7 8 |  8.5
Dodging        | 2 3 5 6 7 9 10 | 10.0
Long Blades    | 1 |  1.4
Evocations     | 4 5 6 8 9 |  9.7
Shields        | 1 |  1.9
Armour         | |  2.0
Stealth        | |  1.0

Action                   |  1- 3 |  4- 6 |  7- 9 | 10-12 || total
-------------------------+-------+-------+-------+-------++-------
Melee: Club              |     9 |       |       |       ||     9
       Short sword       |   131 |    37 |       |       ||   168
       Falchion          |       |    25 |       |       ||    25
       Dagger            |       |    71 |   547 |   438 ||  1056
Evoke: Wand              |     5 |     6 |    19 |    55 ||    85
       Piece from Xom's  |       |       |     4 |     1 ||     5
  Use: Scroll            |       |       |    16 |     5 ||    21
       Potion            |       |       |       |     9 ||     9
 Stab: Distracted        |     1 |       |     1 |       ||     2
       Sleeping          |       |     2 |     1 |     2 ||     5
       Petrified         |       |       |     2 |       ||     2
       Invisible         |       |       |       |     4 ||     4
       Paralysed         |       |       |       |     5 ||     5
Armor: Leather armour    |    34 |    37 |   110 |    77 ||   258
Dodge: Dodged            |   104 |    77 |   265 |   237 ||   683
Block: Other             |       |       |       |    22 ||    22
       Rpst.: Falchion   |       |     1 |       |       ||     1
